 Dungeon Crawl Stone Soup version 0.27.0-1-g7a089689b8 (webtiles) character file.

Game seed: 11446368257283046482

234 funkygono the Firebug (level 6, 0/33 HPs)
             Began as a Gargoyle Fire Elementalist on Aug 18, 2021.
             Slain by a bullfrog (3 damage)
             ... on level 4 of the Dungeon.
             The game lasted 00:08:32 (3260 turns).

funkygono the Firebug (Gargoyle Fire Elementalist)  Turns: 3260, Time: 00:08:32

Health: 0/33       AC:  7    Str: 11    XL:     6   Next: 5%
Magic:  9/19       EV: 12    Int: 18    God:
Gold:   87         SH:  0    Dex: 10    Spells: 4/11 levels left

rFire    . . .     SeeInvis .   c - +0 whip
rCold    . . .     Faith    .   (no shield)
rNeg     + . .     Spirit   .   a - +0 robe
rPois    ∞         Reflect  .   e - +0 helmet
rElec    +         Harm     .   (no cloak)
rCorr    .         Rampage  .   (no gloves)
Will     .....                  (no boots)
Stlth    ++........             (no amulet)
HPRegen  0.11/turn              b - ring of magical power
MPRegen  0.16/turn              (no ring)

@: very slightly contaminated
A: sickness immunity, AC +4, negative energy resistance 1, electricity
resistance, torment resistance 1, petrification resistance
a: no special abilities


You were on level 4 of the Dungeon.
You visited 1 branch of the dungeon, and saw 4 of its levels.

You collected 87 gold pieces.

Inventory:

Hand Weapons
 c - a +0 whip (weapon)
Armour
 a - a +0 robe (worn)
 e - a +0 helmet (worn)
 o - a +0 leather armour
Jewellery
 b - a ring of magical power (left hand)
Wands
 m - a wand of charming (9)
Scrolls
 l - a scroll of identify
Potions
 d - a potion of invisibility {unknown}
 f - 2 potions of flight
 g - 2 potions of degeneration {unknown}
 h - 3 potions of attraction
 i - 2 potions of cancellation {unknown}
 j - a potion of brilliance {unknown}
 k - a potion of heal wounds {unknown}


   Skills:
 + Level 0.3 Fighting
 + Level 1.8 Dodging
 - Level 2.1 Stealth
 * Level 3.2 Spellcasting
 * Level 3.2 Conjurations
 * Level 4.7 Fire Magic
 * Level 1.3 Earth Magic


You had 4 spell levels left.
You knew the following spells:

 Your Spells              Type           Power      Damage    Failure   Level
a - Foxfire               Conj/Fire      68%        2x1d7     3%          1
b - Conjure Flame         Conj/Fire      17%        6-21      10%         3
c - Stone Arrow           Conj/Erth      22%        3d8       19%         3

Your spell library contained the following spells:

 Spells                   Type           Power      Damage    Failure   Level
 Magic Dart               Conj           56%        1d5       4%          1
 Inner Flame              Hex/Fire       11%        N/A       19%         3
 Call Imp                 Summ           2%         N/A       24%         2
 Mephitic Cloud           Conj/Pois/Air  6%         N/A       30%         3
 Sticky Flame             Conj/Fire      17%        2d4       30%         4
 Fireball                 Conj/Fire      8%         3d6       65%         5
 Bolt of Magma            Conj/Fire/Erth 7%         4d6       77%         5
 Shatter                  Erth           3%         3d7*      100%        9


Dungeon Overview and Level Annotations

Branches:
Dungeon (4/15)
 Temple: D:4-7

Altars:

Shops:
D:1 *   D:2 :

Annotations:
D:4 2 runed translucent doors


Innate Abilities, Weirdness & Mutations

You are immune to sickness and miasma.
Your stone body is resilient. (AC +4)
You are immune to poison.
You resist negative energy. (rN+)
You are resistant to electric shocks. (rElec)
You are resistant to unholy torment.
You are immune to petrification.


Message History

You conjure some foxfire!
The foxfire hits the wight.
The wight is severely damaged.
The bullfrog closely misses you. The wight misses you.
The bullfrog closely misses you.
Unknown command.
Casting: Foxfire (safe; 3% risk of failure)
Confirm with . or Enter, or press ? or * to list all spells.
You conjure some foxfire!
The foxfire hits the wight but does no damage.
The wight is severely damaged.
The foxfire hits the wight.
The wight is almost destroyed.
The foxfire hits the wight.
You destroy the wight!
The bullfrog hits you.
You have reached level 6!
Your experience leads to an increase in your attributes!
Increase (S)trength, (I)ntelligence, or (D)exterity?
You feel clever.
Casting: Foxfire (safe; 3% risk of failure)
Confirm with . or Enter, or press ? or * to list all spells.
You conjure some foxfire!
The foxfire hits the bullfrog.
The bullfrog is moderately wounded.
The bullfrog hits you. x2
Unknown command.
Casting: Foxfire (safe; 3% risk of failure)
Confirm with . or Enter, or press ? or * to list all spells.
You miscast Foxfire.
You are very lightly contaminated with residual magic.
Nothing appears to happen.
The foxfire hits the bullfrog.
The bullfrog is heavily wounded.
The foxfire hits the bullfrog.
The bullfrog is heavily wounded.
The bullfrog misses you.
Casting: Foxfire (safe; 3% risk of failure)
Confirm with . or Enter, or press ? or * to list all spells.
You conjure some foxfire!
The bullfrog hits you!
* * * LOW HITPOINT WARNING * * *
The bullfrog hits you.
You die...

..# #..# #+###...#
... ##### .....#.#
...##8(}8##......#
#..#8....8#......###
..+......'.........
#.+......Fv.#
#.#8....8#@§#
#.##8[(8##v§#
####..######...#
####............###
#.......#..######
######....## ##..##
##<.# ##..#


You could see a bullfrog (ally target).

Vanquished Creatures
  A scorpion (D:3)
  A wight (D:4)
  A killer bee zombie (D:4)
  Robin (D:2)
  2 dart slugs
  3 orcs (D:3)
  8 ball pythons
  3 endoplasms
  A giant cockroach (D:1)
  16 goblins
  12 hobgoblins
  7 jackals
  4 quokkas
  5 bats
  2 frilled lizards
  12 kobolds
  11 rats
90 creatures vanquished.

Vanquished Creatures (others)
  290 foxfires
290 creatures vanquished.

Grand Total: 380 creatures vanquished

Notes
Turn   | Place    | Note
-------+----------+-------------------------------------------
     0 | D:1      | funkygono the Gargoyle Fire Elementalist began the quest
                  | for the Orb.
     0 | D:1      | Reached XP level 1. HP: 10/10 MP: 3/3
   218 | D:1      | Reached XP level 2. HP: 15/15 MP: 1/5
   546 | D:1      | Found Naitsaxt's General Store.
   615 | D:1      | Reached XP level 3. HP: 18/19 MP: 5/6
   988 | D:1      | Learned a level 3 spell: Conjure Flame
  1452 | D:2      | Noticed Robin
  1520 | D:2      | Reached skill level 4 in Fire Magic
  1639 | D:2      | Killed Robin
  1640 | D:2      | Reached XP level 4. HP: 20/24 MP: 7/7
  1693 | D:2      | Found Yrofim's Book Shoppe.
  1810 | D:2      | You fall into a shaft and drop 2 floors!
  1997 | D:2      | Found a faded altar of an unknown god.
  2080 | D:2      | Learned a level 3 spell: Stone Arrow
  2635 | D:3      | Noticed a scorpion
  2641 | D:3      | Killed a scorpion
  2642 | D:3      | Reached skill level 1 in Earth Magic
  2642 | D:3      | Reached XP level 5. HP: 20/28 MP: 7/9
  3229 | D:4      | Found a large runed translucent door.
  3230 | D:4      | Found a large runed translucent door.
  3230 | D:4      | Found a large runed translucent door.
  3234 | D:4      | Found a large runed translucent door.
  3258 | D:4      | Reached XP level 6. HP: 17/33 MP: 10/10
  3260 | D:4      | Slain by a bullfrog

Illustrated notes

Levels and vault maps discovered:
D:1:      wheals_arrival_linesprint, layout_basic, serial_shops,
          nicolae_shop_temple_entry_statues_fountains,
          hangedman_abyss_or_decor_lesser_grid, minmay_tromino_v2
D:2:      layout_rooms, serial_shops, nicolae_shop_competitors_out_of_business,
          chequers_ecumenical_altar_simple, uniq_robin
D:3:      minmay_recursive_quarters, layout_basic
D:4:      layout_layer_cave, mainiacjoe_overflow_24_doors,
          minmay_hollow_rounded_squares

Skill      XL: |  1  2  3  4  5 |
---------------+----------------+-----
Fire Magic     | 4 |  4.7
Conjurations   | 2 3 |  3.2
Earth Magic    | 1 |  1.3
Spellcasting   | 3 |  3.2
Fighting       | |  0.3
Dodging        | |  1.8
Stealth        | |  2.1

Action                   |  1- 3 |  4- 6 || total
-------------------------+-------+-------++-------
Melee: Unarmed           |     1 |       ||     1
       Whip              |     4 |     2 ||     6
 Cast: Foxfire           |    74 |    96 ||   170
       Stone Arrow       |       |     1 ||     1
  Use: Scroll            |     2 |     4 ||     6
Armor: Robe              |    16 |     9 ||    25
Dodge: Dodged            |    20 |    18 ||    38
